[Event "FIN-ch Seniors 65 2020"]
[Site "Helsinki"]
[Date "2020.09.26"]
[Round "5.2"]
[White "Patola, Eero"]
[Black "Koskinen, Hannu E."]
[Result "1/2-1/2"]
[ECO "A24"]
[WhiteElo "1826"]
[BlackElo "1753"]
[Annotator "NA"]
[PlyCount "38"]
[EventDate "2020.09.24"]
[EventType "swiss"]
[EventCountry "FIN"]
[SourceTitle "playchess.com"]
[Source "ChessBase"]
[SourceQuality "1"]
[TimeControl "40/5400+30:1800+30"]

1. e4 d6 2. c4 Nf6 3. Nc3 g6 4. g3 Bg7 5. Bg2 O-O 6. Nge2 e5 7. d3 a5 8. O-O Na6 9. f4 c6 10. h3 exf4 11. gxf4 Nh5 12. Be3 Nc7 13. Rb1 f5 14. Kh2 Qe7 15. Bf3 Nf6 16. Bf2 Re8 17. Ng3 Qf7 18. Bg2 Kh8 19. Qc2 Be6 1/2-1/2

[Event "FIN-ch Seniors 65 2020"]
[Site "Helsinki"]
[Date "2020.09.26"]
[Round "5.3"]
[White "Tiensuu, Seppo"]
[Black "Karppinen, Martti"]
[Result "0-1"]
[ECO "B50"]
[WhiteElo "1412"]
[BlackElo "1878"]
[Annotator "NA"]
[PlyCount "133"]
[EventDate "2020.09.24"]
[EventType "swiss"]
[EventCountry "FIN"]
[SourceTitle "playchess.com"]
[Source "ChessBase"]
[SourceQuality "1"]
[TimeControl "40/5400+30:1800+30"]

1. e4 c5 2. Nf3 Nc6 3. Bc4 d6 4. O-O Nf6 5. Re1 a6 6. a4 Bg4 7. c3 Qa5 8. d3 Bxf3 9. Qxf3 Ne5 10. Qh3 b5 11. Bd5 Nxd5 12. exd5 c4 13. dxc4 bxc4 14. Nd2 Qc7 15. Re4 a5 16. f4 Qc5+ 17. Rd4 Nd3 18. Nxc4 Nxc1 19. Rxc1 g6 20. Nxd6+ Qxd6 21. Rc4 f5 22. Qf3 Bh6 23. g3 Qb6+ 24. Kf1 O-O 25. Qe2 Rfe8 26. Rc6 Qb3 27. Qb5 Rab8 28. Rb6 Qxb5+ 29. Rxb5 Kf7 30. Rc2 Rxb5 31. axb5 Bg7 32. b3 Rc8 33. c4 Bd4 34. Ke2 Ke8 35. Kd3 Bc5 36. Ra2 Ra8 37. Kc3 Ra7 38. Kd3 Kd7 39. Ra4 e6 40. dxe6+ Kxe6 41. Ra2 Rd7+ 42. Ke2 Bb4 43. Rc2 Kd6 44. Kf3 Kc5 45. Ke2 Re7+ 46. Kd3 Re1 47. Ra2 Rb1 48. Kc2 Rf1 49. Kd3 Rf3+ 50. Kc2 Rf2+ 51. Kb1 Rxa2 52. Kxa2 Kb6 53. Kb2 Bc5 54. Kc3 h5 55. h3 Bf2 56. g4 hxg4 57. hxg4 fxg4 58. Kd3 Kc5 59. Ke2 Bg1 60. Kf1 Be3 61. Kg2 Bxf4 62. Kf2 Bc7 63. Kg2 Kb4 64. Kf1 Bb6 65. Kg2 Kxb3 66. c5 Bc7 67. b6 0-1

[Event "FIN-ch Seniors 65 2020"]
[Site "Helsinki"]
[Date "2020.09.26"]
[Round "5.4"]
[White "Jarnstrom, Henrik"]
[Black "Virtanen, Esko"]
[Result "1/2-1/2"]
[ECO "B01"]
[WhiteElo "1696"]
[BlackElo "1739"]
[Annotator "NA"]
[PlyCount "127"]
[EventDate "2020.09.24"]
[EventType "swiss"]
[EventCountry "FIN"]
[SourceTitle "playchess.com"]
[Source "ChessBase"]
[SourceQuality "1"]
[TimeControl "40/5400+30:1800+30"]

1. e4 d5 2. exd5 Qxd5 3. Nc3 Qa5 4. d4 c6 5. Be3 Nf6 6. Nf3 Bg4 7. h3 Bh5 8. Bd3 Nbd7 9. Qe2 e6 10. Bd2 Qb6 11. O-O Bxf3 12. Qxf3 Qxd4 13. Be3 Qb4 14. Rab1 Be7 15. a3 Qa5 16. Bd2 Qc7 17. b4 O-O 18. Qe2 Rfd8 19. f4 Bf8 20. g4 Rac8 21. g5 Nd5 22. Ne4 c5 23. c4 Ne7 24. Ng3 cxb4 25. axb4 Nb6 26. c5 Nbd5 27. Qf3 a5 28. f5 exf5 29. Nxf5 Ng6 30. Be4 Nxb4 31. Be3 Bxc5 32. Bxb7 Bxe3+ 33. Nxe3 Rb8 34. Be4 Qe7 35. Ng2 Rd4 36. Rbe1 Qa7 37. Kh1 Rd7 38. h4 Ne5 39. Qf5 Ng6 40. h5 Nf8 41. h6 g6 42. Qf6 Qd4 43. Qf4 Rbd8 44. Ne3 Ne6 45. Qg4 Nxg5 46. Qxg5 Qxe4+ 47. Ng2 Qd3 48. Qf6 Qh3+ 49. Kg1 Qxh6 50. Qb6 Qg5 51. Re2 Qd5 52. Ref2 Nd3 53. Ne3 Qc5 54. Qxc5 Nxc5 55. Ng4 Kg7 56. Ne5 Rc7 57. Rxf7+ Rxf7 58. Rxf7+ Kg8 59. Ra7 a4 60. Ng4 h5 61. Nf6+ Kf8 62. Nh7+ Kg8 63. Nf6+ Kf8 64. Nh7+ 1/2-1/2

[Event "FIN-ch Seniors 65 2020"]
[Site "Helsinki"]
[Date "2020.09.26"]
[Round "5.5"]
[White "Saharinen, Petri"]
[Black "Ruotanen, Helge"]
[Result "0-1"]
[ECO "A42"]
[WhiteElo "1720"]
[BlackElo "1946"]
[Annotator "ChessBase"]
[PlyCount "86"]
[EventDate "2020.09.24"]
[EventType "swiss"]
[EventCountry "FIN"]
[SourceTitle "playchess.com"]
[Source "ChessBase"]
[SourceQuality "1"]
[TimeControl "40/5400+30:1800+30"]

1. d4 g6 2. c4 Bg7 3. Nc3 d6 4. e4 Nc6 5. Be3 e5 6. d5 Nce7 7. Bd3 f5 8. Bg5 Bf6 9. Nf3 h6 10. Bd2 fxe4 11. Nxe4 Bf5 12. Nxf6+ Nxf6 13. Bxf5 Nxf5 14. Bc3 O-O 15. O-O Rf7 16. h3 Ne4 17. Qc2 Nxc3 18. bxc3 Kh7 19. Rae1 Qe7 20. Re4 b6 21. a4 a5 22. Qd2 Ng7 23. Nh2 Nh5 24. g3 Nf6 25. Rh4 Ng8 26. Qe3 g5 27. Qd3+ Kg7 28. Re4 Nf6 29. Ree1 Nd7 30. Ng4 Nc5 31. Qc2 Qd7 32. f4 h5 33. Ne3 Qxh3 34. Qh2 Qxh2+ 35. Kxh2 exf4 36. gxf4 Nd3 37. Rd1 Nxf4 38. Nc2 Re8 39. Nd4 Re3 40. Ne6+ Nxe6 41. Rxf7+ Kxf7 42. dxe6+ Kxe6 43. Rd5 Re5 0-1

[Event "FIN-ch Seniors 65 2020"]
[Site "Helsinki"]
[Date "2020.09.27"]
[Round "6.1"]
[White "Ruotanen, Helge"]
[Black "Auvinen, Esa"]
[Result "1/2-1/2"]
[ECO "A00"]
[WhiteElo "1946"]
[BlackElo "1809"]
[Annotator "ChessBase"]
[PlyCount "26"]
[EventDate "2020.09.24"]
[EventType "swiss"]
[EventCountry "FIN"]
[SourceTitle "playchess.com"]
[Source "ChessBase"]
[SourceQuality "1"]
[TimeControl "40/5400+30:1800+30"]

1. g3 d5 2. d3 c5 3. Bg2 e5 4. Nc3 Be6 5. e4 d4 6. Nce2 Bd6 7. f4 exf4 8. Nxf4 Bxf4 9. Bxf4 Nc6 10. Nf3 Nf6 11. O-O O-O 12. c4 Nd7 13. Rf2 f6 1/2-1/2

[Event "FIN-ch Seniors 65 2020"]
[Site "Helsinki"]
[Date "2020.09.27"]
[Round "6.2"]
[White "Karppinen, Martti"]
[Black "Koskinen, Hannu E."]
[Result "1/2-1/2"]
[ECO "E72"]
[WhiteElo "1878"]
[BlackElo "1753"]
[Annotator "NA"]
[PlyCount "84"]
[EventDate "2020.09.24"]
[EventType "swiss"]
[EventCountry "FIN"]
[SourceTitle "playchess.com"]
[Source "ChessBase"]
[SourceQuality "1"]
[TimeControl "40/5400+30:1800+30"]

1. d4 Nf6 2. c4 g6 3. g3 Bg7 4. Bg2 d6 5. Nc3 O-O 6. e4 Nbd7 7. Be3 e5 8. Nge2 Ng4 9. Qd2 Nxe3 10. Qxe3 exd4 11. Nxd4 Ne5 12. Qe2 c6 13. O-O Qf6 14. Rad1 Be6 15. Nxe6 Qxe6 16. b3 Rad8 17. Qc2 Nd7 18. Ne2 Nb6 19. Nf4 Qf6 20. Nd3 Nd7 21. f4 Rfe8 22. Nf2 Nb6 23. Ng4 Qb2 24. Qxb2 Bxb2 25. e5 Kg7 26. exd6 Ba3 27. Rd3 Rxd6 28. Rxd6 Bxd6 29. Rd1 Bc5+ 30. Kf1 Re7 31. Ne5 f6 32. Nd3 Ba3 33. Bf3 a5 34. Nf2 Rd7 35. Rxd7+ Nxd7 36. Ne4 f5 37. Ng5 Nc5 38. g4 h6 39. Nh3 Nd3 40. gxf5 gxf5 41. Bd1 Nc1 42. Bc2 Kf6 1/2-1/2

[Event "FIN-ch Seniors 65 2020"]
[Site "Helsinki"]
[Date "2020.09.27"]
[Round "6.3"]
[White "Virtanen, Esko"]
[Black "Patola, Eero"]
[Result "1/2-1/2"]
[ECO "A85"]
[WhiteElo "1739"]
[BlackElo "1826"]
[Annotator "NA"]
[PlyCount "105"]
[EventDate "2020.09.24"]
[EventType "swiss"]
[EventCountry "FIN"]
[SourceTitle "playchess.com"]
[Source "ChessBase"]
[SourceQuality "1"]
[TimeControl "40/5400+30:1800+30"]

1. Nf3 f5 2. d4 Nf6 3. c4 g6 4. Nc3 Bg7 5. e3 d6 6. Qc2 O-O 7. Be2 Na6 8. a3 c5 9. d5 Nc7 10. b4 cxb4 11. axb4 a6 12. O-O Bd7 13. Rd1 Qe8 14. Bb2 h6 15. h3 Qf7 16. Ra2 Rac8 17. Qb3 Ne4 18. Na4 Bxb2 19. Rxb2 Bxa4 20. Qxa4 Nc3 21. Qa1 Nxd1 22. Qxd1 Qf6 23. Rc2 g5 24. Nd4 Kg7 25. Bd3 f4 26. Nf5+ Kh8 27. Qh5 fxe3 28. f3 Qa1+ 29. Kh2 Qe5+ 30. g3 Rf6 31. Nxh6 Kg7 32. Ng4 Rh8 33. Nxe5 Rxh5 34. Ng4 Rxf3 35. Re2 e5 36. Nxe3 g4 37. h4 Ne8 38. Be4 Rf8 39. Nxg4 Nf6 40. Nxf6 Rxf6 41. Kg2 Rh8 42. c5 Rb8 43. Bf3 dxc5 44. bxc5 Rc8 45. c6 bxc6 46. dxc6 Rcf8 47. c7 Rxf3 48. c8=Q Rxg3+ 49. Kxg3 Rxc8 50. Rxe5 Rc3+ 51. Kg4 Ra3 52. Kg5 Rg3+ 53. Kf4 1/2-1/2

[Event "FIN-ch Seniors 65 2020"]
[Site "Helsinki"]
[Date "2020.09.27"]
[Round "6.4"]
[White "Terasalo, Kari"]
[Black "Jarnstrom, Henrik"]
[Result "1-0"]
[ECO "B02"]
[WhiteElo "1782"]
[BlackElo "1696"]
[Annotator "NA"]
[PlyCount "63"]
[EventDate "2020.09.24"]
[EventType "swiss"]
[EventCountry "FIN"]
[SourceTitle "playchess.com"]
[Source "ChessBase"]
[SourceQuality "1"]
[TimeControl "40/5400+30:1800+30"]

1. e4 Nf6 2. Nc3 d5 3. e5 Ne4 4. d4 Nxc3 5. bxc3 Bf5 6. Nf3 e6 7. Bb5+ c6 8. Bd3 Bxd3 9. cxd3 Be7 10. O-O Nd7 11. Bd2 g5 12. Ne1 h5 13. f4 g4 14. f5 exf5 15. Rxf5 Nb6 16. Qe2 Qd7 17. e6 fxe6 18. Re5 O-O-O 19. Rxe6 Bd6 20. Nc2 Rdg8 21. Rf1 Qc7 22. g3 Nd7 23. Bf4 Bxf4 24. Rxf4 b6 25. Nb4 Nb8 26. Re7 Qd6 27. Rff7 a5 28. Re6 Qd8 29. Nxc6 Nxc6 30. Rxc6+ Kb8 31. Qe5+ Ka8 32. Rcc7 1-0

[Event "FIN-ch Seniors 65 2020"]
[Site "Helsinki"]
[Date "2020.09.27"]
[Round "6.5"]
[White "Saharinen, Petri"]
[Black "Tiensuu, Seppo"]
[Result "1-0"]
[ECO "E76"]
[WhiteElo "1720"]
[BlackElo "1412"]
[Annotator "NA"]
[PlyCount "123"]
[EventDate "2020.09.24"]
[EventType "swiss"]
[EventCountry "FIN"]
[SourceTitle "playchess.com"]
[Source "ChessBase"]
[SourceQuality "1"]
[TimeControl "40/5400+30:1800+30"]

1. d4 Nf6 2. c4 g6 3. Nc3 Bg7 4. e4 d6 5. f4 e6 6. Nf3 O-O 7. Bd3 c5 8. e5 Ne8 9. dxc5 dxe5 10. fxe5 Nc6 11. Bf4 Qa5 12. Qd2 Qxc5 13. Ne4 Qa5 14. Qxa5 Nxa5 15. O-O b6 16. Bg5 f6 17. exf6 Nxf6 18. Nfd2 Ne8 19. Rxf8+ Bxf8 20. Rf1 Bg7 21. Nf6+ Nxf6 22. Bxf6 Bd7 23. b3 Bc6 24. Be4 Bh6 25. Bxc6 Be3+ 26. Kh1 Nxc6 27. Ne4 Rf8 28. g4 Bd4 29. g5 Be5 30. Kg2 Rf7 31. Rd1 h5 32. b4 Bc7 33. b5 Na5 34. c5 bxc5 35. Nxc5 Nc4 36. Re1 e5 37. Ne4 Na3 38. Nc3 Ba5 39. Rc1 Bxc3 40. Rxc3 Nxb5 41. Rc8+ Rf8 42. Rc5 a6 43. a4 Na7 44. Rxe5 Rc8 45. Re7 Rc2+ 46. Kg3 h4+ 47. Kh3 Nc8 48. Rg7+ Kf8 49. Rxg6 Ne7 50. Bxe7+ Kxe7 51. Rxa6 Rc4 52. g6 Kf8 53. Ra7 Kg8 54. a5 Ra4 55. Rf7 Rxa5 56. Kxh4 Ra4+ 57. Kh5 Ra2 58. h4 Rh2 59. Kg5 Rg2+ 60. Kh6 Rg4 61. h5 Rh4 62. Ra7 1-0

[Event "FIN-ch Seniors 65 2020"]
[Site "Helsinki"]
[Date "2020.09.27"]
[Round "7.1"]
[White "Ruotanen, Helge"]
[Black "Virtanen, Esko"]
[Result "1-0"]
[ECO "A00"]
[WhiteElo "1946"]
[BlackElo "1739"]
[Annotator "ChessBase"]
[PlyCount "61"]
[EventDate "2020.09.24"]
[EventType "swiss"]
[EventCountry "FIN"]
[SourceTitle "playchess.com"]
[Source "ChessBase"]
[SourceQuality "1"]
[TimeControl "40/5400+30:1800+30"]

1. g3 d5 2. d3 Nf6 3. Bg2 c6 4. Nc3 Bg4 5. f4 e6 6. h3 Bh5 7. Bd2 h6 8. g4 Bg6 9. e4 dxe4 10. dxe4 Be7 11. Qe2 O-O 12. O-O-O Nbd7 13. h4 h5 14. gxh5 Nxh5 15. Rh3 Bxh4 16. Nf3 Bg3 17. Rdh1 Qa5 18. Nd4 Ndf6 19. e5 Nh7 20. Rxh5 Rfd8 21. Nb3 Qb4 22. Rxh7 Bxh7 23. Qh5 Rxd2 24. Qxh7+ Kf8 25. Nxd2 Rd8 26. Qh8+ Ke7 27. Qxg7 Bxf4 28. Qf6+ Kd7 29. Rh4 Bxd2+ 30. Kxd2 Kc8+ 31. Qxd8+ 1-0

[Event "FIN-ch Seniors 65 2020"]
[Site "Helsinki"]
[Date "2020.09.27"]
[Round "7.2"]
[White "Auvinen, Esa"]
[Black "Tiensuu, Seppo"]
[Result "1-0"]
[ECO "C68"]
[WhiteElo "1809"]
[BlackElo "1412"]
[Annotator "NA"]
[PlyCount "71"]
[EventDate "2020.09.24"]
[EventType "swiss"]
[EventCountry "FIN"]
[SourceTitle "playchess.com"]
[Source "ChessBase"]
[SourceQuality "1"]
[TimeControl "40/5400+30:1800+30"]

1. e4 e5 2. Nf3 Nc6 3. Bb5 a6 4. Bxc6 bxc6 5. Nxe5 Qe7 6. d4 Nf6 7. Nc3 Bb7 8. O-O g6 9. Nf3 Bg7 10. Bg5 Qe6 11. e5 Nd5 12. Ne4 d6 13. c4 Ne7 14. Nf6+ Bxf6 15. exf6 O-O-O 16. fxe7 Rde8 17. b3 h6 18. Re1 Qd7 19. Bd2 Rxe7 20. Rxe7 Qxe7 21. Qe1 Qe6 22. Qxe6+ fxe6 23. Re1 Kd7 24. h4 c5 25. dxc5 Bxf3 26. gxf3 g5 27. hxg5 hxg5 28. cxd6 cxd6 29. Bxg5 Rg8 30. f4 a5 31. Kf1 Rh8 32. Kg2 e5 33. Rh1 Rg8 34. Kf3 exf4 35. Bxf4 Rf8 36. Rh6 1-0

[Event "FIN-ch Seniors 65 2020"]
[Site "Helsinki"]
[Date "2020.09.27"]
[Round "7.3"]
[White "Jarnstrom, Henrik"]
[Black "Karppinen, Martti"]
[Result "0-1"]
[ECO "B31"]
[WhiteElo "1696"]
[BlackElo "1878"]
[Annotator "NA"]
[PlyCount "100"]
[EventDate "2020.09.24"]
[EventType "swiss"]
[EventCountry "FIN"]
[SourceTitle "playchess.com"]
[Source "ChessBase"]
[SourceQuality "1"]
[TimeControl "40/5400+30:1800+30"]

1. e4 c5 2. Be2 Nc6 3. f4 e5 4. d3 Nf6 5. Nf3 Qc7 6. fxe5 Nxe5 7. Nc3 a6 8. O-O Bd6 9. h3 Nxf3+ 10. Bxf3 Be5 11. Bg5 Bd4+ 12. Kh1 Qg3 13. Bxf6 Bxf6 14. Ne2 Qh4 15. c3 d6 16. Ng1 Bd7 17. Qe1 O-O-O 18. Qxh4 Bxh4 19. d4 Bb5 20. Rfd1 Bf6 21. Bg4+ Kc7 22. b3 h5 23. Bf3 g5 24. a4 Bd7 25. dxc5 dxc5 26. Rd5 g4 27. Be2 Kc6 28. Rc1 Be6 29. Rxd8 Rxd8 30. c4 Rd4 31. hxg4 hxg4 32. Rd1 Rxe4 33. g3 Bd4 34. Bf1 Re5 35. Ne2 Rh5+ 36. Kg2 Be5 37. Kf2 Bd6 38. Bg2+ Kc7 39. Nc3 Rh2 40. Ne2 Bf5 41. Kg1 Rh6 42. Kf2 Bc2 43. Rd2 Rf6+ 44. Kg1 Bg6 45. Nc3 Re6 46. Nd5+ Kb8 47. Kf2 Be5 48. Rd1 Bd4+ 49. Kf1 Bc2 50. Rd2 Bxb3 0-1

[Event "FIN-ch Seniors 65 2020"]
[Site "Helsinki"]
[Date "2020.09.27"]
[Round "7.5"]
[White "Koskinen, Hannu E."]
[Black "Saharinen, Petri"]
[Result "1/2-1/2"]
[ECO "D66"]
[WhiteElo "1753"]
[BlackElo "1720"]
[Annotator "NA"]
[PlyCount "98"]
[EventDate "2020.09.24"]
[EventType "swiss"]
[EventCountry "FIN"]
[SourceTitle "playchess.com"]
[Source "ChessBase"]
[SourceQuality "1"]
[TimeControl "40/5400+30:1800+30"]

1. Nf3 Nf6 2. c4 e6 3. Nc3 d5 4. d4 c6 5. Bg5 Be7 6. e3 Nbd7 7. Bd3 dxc4 8. Bxc4 b5 9. Bd3 Bb7 10. O-O O-O 11. Rc1 a6 12. Qe2 Rc8 13. Bxf6 Nxf6 14. Rfd1 Nd5 15. Nxd5 Qxd5 16. a3 Qh5 17. Ne5 Qxe2 18. Bxe2 Rc7 19. Nd3 Rd8 20. b4 g6 21. Bf3 f6 22. Nc5 Bc8 23. Kf1 Kf7 24. Nb3 Bd7 25. d5 exd5 26. Bxd5+ Be6 27. Bxe6+ Kxe6 28. Rxd8 Bxd8 29. Nc5+ Kd6 30. Rd1+ Ke7 31. Ke2 Ra7 32. Rc1 a5 33. Nb3 axb4 34. axb4 Ra2+ 35. Kf3 Rb2 36. Nd4 Bc7 37. Nxb5 Bxh2 38. Nd4 Be5 39. Nxc6+ Kd6 40. Nxe5 Kxe5 41. Rc7 h5 42. Rb7 g5 43. g3 f5 44. b5 Kd5 45. b6 Kc6 46. Rb8 g4+ 47. Kg2 Rxb6 48. Rxb6+ Kxb6 49. f3 Kc5 1/2-1/2